 Dungeon Crawl Stone Soup version 0.32-a0-571-gec57dfcd37 (webtiles) character file.

Game seed: 1701994130334046740

62 lunkers the Cutter (level 4, -11/33 HPs)
             Began as a Coglin Brigand on Feb 29, 2024.
             Killed by divine providence
             ... invoked by an orc priest
              (12 damage)
             ... on level 2 of the Dungeon.
             The game lasted 00:01:29 (1567 turns).

lunkers the Cutter (Coglin Brigand)                 Turns: 1567, Time: 00:01:30

Health: -11/33     AC:  3    Str: 13    XL:     4   Next: 8%
Magic:  4/4        EV: 11    Int: 10    God:
Gold:   98         SH:  0    Dex: 16    Spells: 3/3 levels left

rFire   . . .        a - +2 dagger {Qiu}
rCold   . . .        f - +0 dagger {Egbert}
rNeg    . . .        b - +0 robe
rPois   .            (no helmet)
rElec   .            c - +0 cloak
rCorr   .            (no gloves)
SInv    .            (no boots)
Will    .....        (amulet unavailable)
Stlth   ++           (ring unavailable)
HPRegen 0.25/turn    (ring unavailable)
MPRegen 0.09/turn    (no gizmo)

%: no passive effects
@: revved
A: off-hand wielding, slow wielding, warmup strikes, no jewellery
a: Invent Gizmo, Convert to Beogh


You were on level 2 of the Dungeon.
You visited 1 branch of the dungeon, and saw 3 of its levels.

You collected 98 gold pieces.

Inventory:

Hand Weapons
 a - a +2 dagger (weapon) {Qiu}
 f - a +0 dagger (offhand) {Egbert}
Missiles
 d - 13 poisoned darts
 e - 3 curare-tipped darts
Armour
 b - a +0 robe (worn)
 c - a +0 cloak (worn)
Magical Staves
 g - a staff of death
Scrolls
 h - a scroll of vulnerability {unknown}
 i - a scroll of teleportation {unknown}
 j - a scroll of identify {unknown}
 l - a scroll of torment {unknown}
 m - a scroll of blinking {unknown}
 o - a scroll of fog {unknown}
 p - a scroll of enchant weapon {unknown}
Potions
 k - a potion of heal wounds {unknown}
 n - a potion of degeneration {unknown}


   Skills:
 - Level 2.0 Fighting
 + Level 3.8 Short Blades
 - Level 1.7 Throwing
 - Level 0.8 Dodging
 - Level 3.2 Stealth


You had 3 spell levels left.
You didn't know any spells.
Your spell library contained the following spells:

 Spells                   Type           Power      Damage    Failure   Level
 Jinxbite                 Hex            0%         N/A       50%         2
 Stone Arrow              Conj/Erth      0%         3d7       75%         3
 Animate Armour           Summ/Erth      0%         N/A       98%         4
 Yara's Violent Unravell  Hex/Alch       0%         3d3       100%        5
 Enfeeble                 Hex            0%         N/A       100%        7
 Lehudib's Crystal Spear  Conj/Erth      0%         10d2      100%        8


Dungeon Overview and Level Annotations

Branches:
Dungeon (3/15)

Altars:


Innate Abilities, Weirdness & Mutations

You can wield a second weapon in your off-hand.
It takes a long time for you to wield or remove held weapons.
Your first few attacks do less damage.
You cannot equip rings or amulets.


Message History

You are too injured to fight recklessly!
The orc priest attacks as it pursues you!
The orc priest hits you with a +0 whip.
* * * LOW HITPOINT WARNING * * *
There is a stone staircase leading up here.
The orc priest hits you with a +0 whip.
* * * LOW HITPOINT WARNING * * *
You climb upwards.
There is a stone staircase leading down here.
You hit the orc priest with your +0 dagger.
The orc priest is moderately wounded.
You hit the orc priest but do no damage.
The orc priest hits you with a +0 whip.
* * * LOW HITPOINT WARNING * * *
You barely miss the orc priest with your +0 dagger.
The orc priest is moderately wounded.
You closely miss the orc priest with your +2 dagger.
The orc priest hits you with a +0 whip.
* * * LOW HITPOINT WARNING * * *
You closely miss the orc priest with your +2 dagger.
The orc priest is moderately wounded.
You barely miss the orc priest with your +0 dagger.
The orc priest hits you with a +0 whip.
* * * LOW HITPOINT WARNING * * *
You barely miss the orc priest with your +2 dagger.
The orc priest shouts, "The Pantheon deserves no one's loyalty.
Let us show you the true path!"
The orc priest is moderately wounded.
You hit the orc priest with your +0 dagger.
The orc priest shouts, "Beogh offers mercy even to people such as you.
Join us and be reborn!"
You hit the orc priest with your +0 dagger.
The orc priest is severely wounded.
You hit the orc priest with your +2 dagger.
The orc priest hits you with a +0 whip.
* * * LOW HITPOINT WARNING * * *
You hit the orc priest with your +2 dagger.
The orc priest is almost dead.
You closely miss the orc priest with your +0 dagger.
The orc priest mumbles some strange prayers to Beogh against you.
Beogh smites you!
You die...

###
..##########################
...............o@..........#
...#############.########.##
.......................##.#
....############.#####.##†#
....# #.............#.##.#
#.#.# #.#######.##.##.##.#
#.#.# #.#<.......#.##.##.#
#.#.# #.#######..#.##.##.#
#[#.# #..........#.##.##.#


You could see an orc priest.

Vanquished Creatures
  2 adders (D:2)
  A ribbon worm (D:2)
  A dart slug (D:1)
  An orc (D:3)
  An endoplasm (D:2)
  A giant cockroach (D:1)
  A goblin (D:1)
  2 hobgoblins (D:1)
  9 jackals
  4 quokkas
  3 ball pythons
  2 bats
  2 frilled lizards
  4 kobolds
  A rat (D:2)
35 creatures vanquished.

Notes
Turn   | Place    | Note
-------+----------+-------------------------------------------
     0 | D:1      | lunkers the Coglin Brigand began the quest for the Orb.
     0 | D:1      | Reached XP level 1. HP: 16/16 MP: 1/1
    82 | D:1      | Reached XP level 2. HP: 22/22 MP: 2/2
   711 | D:2      | Reached XP level 3. HP: 27/27 MP: 3/3
  1392 | D:2      | Reached XP level 4. HP: 22/33 MP: 4/4
  1566 | D:2      | HP: 1/33 [orc priest/+0 whip (5)]
  1567 | D:2      | Killed from afar by an orc priest

Illustrated notes

Levels and vault maps discovered:
D:1:      dpeg_arrival_arbitrary_b, layout_basic, minmay_pentomino_t2
D:2:      layout_basic
D:3:      layout_basic, regret_index_xom_buried_treasure

Skill      XL: |  1  2 |
---------------+-------+-----
Short Blades   | 2 3 |  3.8
Fighting       | |  2.0
Throwing       | |  1.7
Dodging        | |  0.8
Stealth        | |  3.2

Action                     |  1- 3 |  4- 6 || total
---------------------------+-------+-------++-------
  Melee: Dagger            |   146 |    15 ||   161
   Stab: Sleeping          |     4 |     1 ||     5
 Armour: Robe              |    54 |     6 ||    60
  Dodge: Dodged            |    49 |       ||    49

Table legend: (Time is in decaauts)
 A = Elapsed time spent in this place.
 B = Non-inter-level travel time spent in this place.
 C = Inter-level travel time spent in this place.
 D = Time resting spent in this place.
 E = Time spent auto-exploring this place.
 F = Levels seen in this place.
 G = Mean time per level.
                   A        B        C        D        E       F      G
               +--------+--------+--------+--------+--------+-----+--------+
         Total |   1553 |   1527 |     26 |      0 |   1310 |   3 |  517.7 |
       Dungeon |   1553 |   1527 |     26 |      0 |   1310 |   3 |  517.7 |
               +--------+--------+--------+--------+--------+-----+--------+

Top non-repeatable levels by time:
     D:2: 856 daAuts
     D:1: 682 daAuts
     D:3: 14 daAuts
